Coyotes vs Blues
(R3)
Created - May 16, 2020 at 19:32
Goals
|
Coyotes |
1 |
2 |
0 |
3 |
Blues |
1 |
1 |
2 |
4 |
|
Shots
|
Coyotes |
4 |
17 |
12 |
33 |
Blues |
5 |
14 |
15 |
34 |
|
1st period
1. Coyotes , Tyler Ennis 1 (Marian Gaborik 1, Nazem Kadri 1) at 13:28 (PP)
2. Blues , Nicklas Backstrom 1 (Alex Pietrangelo 1, Jordan Eberle 1) at 16:15 (PP)
Penalties :
Michael Del Zotto (Ari) for Hooking (Minor) at 1:22, Shayne Gostisbehere (STL) for Hooking (Minor) at 13:22, Matt Donovan (Ari) for Tripping (Minor) at 16:01, Josh Gorges (Ari) for Holding (Minor) at 16:43
2nd period
3. Coyotes , Tyler Ennis 2 (Marian Gaborik 2, Nazem Kadri 2) at 8:34 (PP)
4. Coyotes , Marian Gaborik 1 (Brad Richards 1) at 10:38
5. Blues , Vincent Lecavalier 1 (Fabian Brunnstrom 1, Yann Sauvé 1) at 11:50
Penalties :
Michael Del Zotto (Ari) for Roughing (Minor) at 0:58, Yann Sauvé (STL) for Interference (Minor) at 8:26, Simon Gagné (STL) for Holding (Minor) at 13:54, Jordan Eberle (STL) for Cross-checking (Minor) at 17:12
3rd period
6. Blues , Vincent Lecavalier 2 (Alex Pietrangelo 2, Fabian Brunnstrom 2) at 0:35
7. Blues , Vincent Lecavalier 3 (Simon Gagné 1, Cody Ceci 1) at 19:25
Penalties :
Sergei Shirokov (STL) for Hooking (Minor) at 4:21, Sergei Shirokov (STL) for Hooking (Minor) at 13:41, Kurt Sauer (STL) for Tripping (Minor) at 16:03
Goalie Stats
Maxime Daigneault (Ari), 30 saves from 34 shots - (0.882), L, 0-1-0, 59:29 minutes
Carey Price (STL), 30 saves from 33 shots - (0.909), W, 1-0-0, 60:00 minutes
Players Stats for Coyotes
Player Name G A P +/- PIM S H SB GA TA FO MP PP MP PK MP
------------------------------------------------------------------------------------
Anton Stralman 0 0 0 1 0 2 1 2 0 1 0/0 26:23 6:36 3:40
Brad Richards 0 1 1 1 0 6 4 2 0 0 7/21 22:43 4:40 3:06
Chris Stewart 0 0 0 -1 0 1 0 0 1 0 0/0 16:57 4:51 0:00
Evgeny Artyukhin 0 0 0 -1 0 0 2 0 0 0 0/0 9:08 0:05 0:00
Jamie Arniel 0 0 0 -1 0 2 0 0 1 0 3/10 12:27 0:21 2:58
Jonathan Ferland 0 0 0 -1 0 0 0 0 0 0 0/1 7:08 0:00 0:00
Josh Gorges 0 0 0 -2 2 2 2 1 0 1 0/0 19:46 3:33 2:05
Kristopher Letang 0 0 0 1 0 1 0 3 1 0 0/0 27:43 6:36 3:09
Marian Gaborik 1 2 3 1 0 4 0 1 1 1 1/2 20:07 5:08 0:00
Martin Samuelsson 0 0 0 -1 0 1 0 0 0 0 1/1 12:00 0:00 2:57
Matt Donovan 0 0 0 -1 2 1 1 4 1 1 0/0 16:04 0:00 2:31
Michael Del Zotto 0 0 0 -2 4 1 0 1 0 0 0/0 18:34 3:33 0:57
Nazem Kadri 0 2 2 -1 0 5 0 0 0 0 11/19 17:52 5:18 0:07
Nick Bonino 0 0 0 -1 0 0 0 0 0 0 2/2 7:08 0:00 0:00
Ramzi Abid 0 0 0 -1 0 1 0 0 0 0 0/0 7:36 0:00 0:11
Thomas Hickey 0 0 0 -1 0 0 0 0 0 0 0/0 11:50 0:00 0:00
Tyler Ennis 2 0 2 -1 0 5 4 1 1 0 1/1 18:02 5:18 0:00
Zach Parise 0 0 0 1 0 1 2 1 0 0 0/3 22:17 4:46 3:03
Players Stats for Blues
Player Name G A P +/- PIM S H SB GA TA FO MP PP MP PK MP
------------------------------------------------------------------------------------
Alex Pietrangelo 0 2 2 1 0 1 1 2 0 0 0/0 27:15 3:58 6:03
Cody Ceci 0 1 1 2 0 4 1 3 2 3 0/0 24:54 0:00 4:06
D.J King 0 0 0 0 0 1 1 0 0 0 0/0 7:32 0:05 0:57
Drew Shore 0 0 0 0 0 1 2 0 0 0 6/16 12:51 0:00 6:03
Fabian Brunnstrom 0 2 2 2 0 0 3 0 0 0 0/0 9:33 0:00 0:26
Filip Forsberg 0 0 0 0 0 2 1 1 0 1 6/6 20:28 3:54 1:57
Gustav Nyquist 0 0 0 0 0 1 1 0 0 0 0/0 6:35 0:05 0:00
Jake Gardiner 0 0 0 2 0 1 1 1 0 0 0/0 22:10 3:58 4:06
Jordan Eberle 0 1 1 0 2 2 0 1 1 0 0/1 23:52 3:54 5:04
Kurt Sauer 0 0 0 0 2 2 0 0 0 0 0/0 14:35 2:13 0:00
Nick Palmieri 0 0 0 2 0 1 0 0 0 0 0/0 11:08 2:12 0:00
Nicklas Backstrom 1 0 1 0 0 5 4 0 0 0 16/22 18:15 3:54 0:06
Ryan O'Reilly 0 0 0 -1 0 2 3 1 0 0 4/10 15:04 2:12 0:50
Sergei Shirokov 0 0 0 -1 4 2 1 0 0 0 0/0 11:59 0:05 0:00
Shayne Gostisbehere 0 0 0 -1 2 0 0 1 0 0 0/0 14:04 2:13 0:08
Simon Gagné 0 1 1 0 2 2 1 1 0 0 0/0 18:02 2:12 2:03
Vincent Lecavalier 3 0 3 3 0 7 1 2 1 0 2/5 13:05 0:00 2:52
Yann Sauvé 0 1 1 1 2 0 1 1 0 2 0/0 18:22 0:00 5:55
3 Stars
1 - Vincent Lecavalier (STL)
2 - Tyler Ennis (Ari)
3 - Marian Gaborik (Ari)
Power Play
Coyotes - 2 on 7 Attempt(s) - 28.57%
Blues - 1 on 4 Attempt(s) - 25.00%
Penalty Kill
Coyotes - 3 on 4 Attempt(s) - 75.00%
- Score 0 goal in Penalty Kill
Blues - 5 on 7 Attempt(s) - 71.43%
- Score 0 goal in Penalty Kill
Team Stat
Coyotes - Hits : 16 - Faceoff Wins : 26 - Blocked Shots : 16 - Penalty Minutes : 8
Blues - Hits : 22 - Faceoff Wins : 34 - Blocked Shots : 14 - Penalty Minutes : 14
Official
Referees : Unknown
Linesman : Unknown
Game Notes
Vincent Lecavalier has scored a Hat Trick!
Finance
Level 1 -- Attendance: 5270 (87.83%) -- Ticket Income $579,700
Level 2 -- Attendance: 4777 (95.54%) -- Ticket Income $343,944
Level 3 -- Attendance: 1713 (85.65%) -- Ticket Income $77,085
Level 4 -- Attendance: 3846 (96.15%) -- Ticket Income $115,380
Luxury Box -- Attendance: 871 (87.10%) -- Ticket Income $174,200
Game was played at the Scotttrade center.
Total Attendance: 16477 (91.54%)
Total Ticket Income: $1,290,309
Other Income: $193,546
Total Income: $1,483,855
Coyotes
5 vs 5 Forward
Center Left Wing Right Wing Time % Phy DF OF
1 Brad Richards Zach Parise Marian Gaborik 38 0 3 2
2 Nazem Kadri Tyler Ennis Chris Stewart 32 0 3 2
3 Jamie Arniel Martin Samuelsson Evgeny Artyukhin 20 0 3 2
4 Nick Bonino Ramzi Abid Jonathan Ferland 10 1 3 1
5 vs 5 Defense
Defense Defense Time % Phy DF OF
1 Kristopher Letang Anton Stralman 40 0 3 2
2 Josh Gorges Michael Del Zotto 35 1 2 2
3 Thomas Hickey Matt Donovan 25 0 3 2
4 Kristopher Letang Anton Stralman 0 1 2 2
PowerPlay Forward
Center Left Wing Right Wing Time % Phy DF OF
1 Nazem Kadri Tyler Ennis Marian Gaborik 60 0 1 4
2 Brad Richards Zach Parise Chris Stewart 40 0 1 4
PowerPlay Defense
Defense Defense Time % Phy DF OF
1 Kristopher Letang Anton Stralman 60 0 2 3
2 Josh Gorges Michael Del Zotto 40 0 2 3
Penalty Kill 4 Players Forward
Center Wing Time % Phy DF OF
1 Brad Richards Zach Parise 50 1 3 1
2 Jamie Arniel Martin Samuelsson 50 1 3 1
Penalty Kill 4 Players Defense
Defense Defense Time % Phy DF OF
1 Kristopher Letang Anton Stralman 60 1 4 0
2 Josh Gorges Michael Del Zotto 40 1 4 0
Penalty Kill - 3 Players Forward
Forward Time % Phy DF OF
1 Zach Parise 60 1 4 0
2 Martin Samuelsson 40 1 4 0
Penalty Kill - 3 Players Defense
Defense Defense Time % Phy DF OF
1 Kristopher Letang Anton Stralman 60 1 2 2
2 Josh Gorges Michael Del Zotto 40 1 2 2
4 vs 4 Forward
Center Wing Time % Phy DF OF
1 Brad Richards Zach Parise 60 1 2 2
2 Nazem Kadri Tyler Ennis 40 1 2 2
4 vs 4 Defense
Defense Defense Time % Phy DF OF
1 Kristopher Letang Anton Stralman 60 1 2 2
2 Josh Gorges Michael Del Zotto 40 1 2 2
Last Minutes Offensive
Center Left Wing Right Wing Defense Defense
Brad Richards Tyler Ennis Marian Gaborik Kristopher Letang Michael Del Zotto
Last Minutes Defensive
Center Left Wing Right Wing Defense Defense
Brad Richards Zach Parise Marian Gaborik Josh Gorges Anton Stralman
Goaltenders
Starting : Maxime Daigneault
Backup : Thomas McCollum
Extra Forwards
Normal : Jamie Arniel, Evgeny Artyukhin, Martin Samuelsson - PP : Jamie Arniel, Evgeny Artyukhin - PK : Martin Samuelsson
Extra Defensemen
Normal : Thomas Hickey, Matt Donovan, Josh Gorges - PP : Thomas Hickey - PK : Matt Donovan, Josh Gorges
Penalty Shots
Tyler Ennis, Marian Gaborik, Zach Parise, Nazem Kadri, Brad Richards
Scratches
Andrew MacDonald (Healthy), Mike Weber (Healthy)
Blues
5 vs 5 Forward
Center Left Wing Right Wing Time % Phy DF OF
1 Nicklas Backstrom Filip Forsberg Jordan Eberle 40 1 2 2
2 Ryan O'Reilly Simon Gagné Sergei Shirokov 30 1 2 2
3 Vincent Lecavalier Fabian Brunnstrom Nick Palmieri 20 1 2 2
4 Drew Shore D.J King Gustav Nyquist 10 1 2 2
5 vs 5 Defense
Defense Defense Time % Phy DF OF
1 Alex Pietrangelo Cody Ceci 40 1 2 2
2 Yann Sauvé Jake Gardiner 30 1 2 2
3 Kurt Sauer Shayne Gostisbehere 20 1 2 2
4 Cody Ceci Jake Gardiner 10 1 2 2
PowerPlay Forward
Center Left Wing Right Wing Time % Phy DF OF
1 Nicklas Backstrom Filip Forsberg Jordan Eberle 60 1 2 2
2 Ryan O'Reilly Simon Gagné Nick Palmieri 40 1 2 2
PowerPlay Defense
Defense Defense Time % Phy DF OF
1 Alex Pietrangelo Jake Gardiner 60 1 2 2
2 Shayne Gostisbehere Kurt Sauer 40 1 2 2
Penalty Kill 4 Players Forward
Center Wing Time % Phy DF OF
1 Drew Shore Jordan Eberle 60 1 2 2
2 Vincent Lecavalier Simon Gagné 40 1 2 2
Penalty Kill 4 Players Defense
Defense Defense Time % Phy DF OF
1 Alex Pietrangelo Yann Sauvé 60 1 2 2
2 Jake Gardiner Cody Ceci 40 1 2 2
Penalty Kill - 3 Players Forward
Forward Time % Phy DF OF
1 Drew Shore 60 1 2 2
2 Jordan Eberle 40 1 2 2
Penalty Kill - 3 Players Defense
Defense Defense Time % Phy DF OF
1 Alex Pietrangelo Cody Ceci 60 1 2 2
2 Jake Gardiner Yann Sauvé 40 1 2 2
4 vs 4 Forward
Center Wing Time % Phy DF OF
1 Nicklas Backstrom Sergei Shirokov 60 1 2 2
2 Vincent Lecavalier Jordan Eberle 40 1 2 2
4 vs 4 Defense
Defense Defense Time % Phy DF OF
1 Alex Pietrangelo Cody Ceci 60 1 2 2
2 Jake Gardiner Shayne Gostisbehere 40 1 2 2
Last Minutes Offensive
Center Left Wing Right Wing Defense Defense
Nicklas Backstrom Simon Gagné Jordan Eberle Alex Pietrangelo Jake Gardiner
Last Minutes Defensive
Center Left Wing Right Wing Defense Defense
Drew Shore Fabian Brunnstrom Jordan Eberle Yann Sauvé Cody Ceci
Goaltenders
Starting : Carey Price
Backup : Pascal Leclaire
Extra Forwards
Normal : Fabian Brunnstrom, Vincent Lecavalier, Jordan Eberle - PP : Gustav Nyquist, Nicklas Backstrom - PK : Filip Forsberg
Extra Defensemen
Normal : Shayne Gostisbehere, Cody Ceci, Jake Gardiner - PP : Shayne Gostisbehere - PK : Shayne Gostisbehere, Jake Gardiner
Penalty Shots
D.J King, Vincent Lecavalier, Jordan Eberle, Nicklas Backstrom, Fabian Brunnstrom
Scratches
David Perron (Lacerated Left Calf Injury), Justin Falk (Healthy)
% Time on Ice - Coyotes
Lines # - Real PCT - Wanted PCT - Time Play
Normal Forward
1 - 34% - 38% - 14:32
2 - 29% - 32% - 12:23
3 - 21% - 20% - 9:03
4 - 17% - 10% - 7:08
Normal Defense
1 - 40% - 40% - 17:24
2 - 32% - 35% - 13:52
3 - 27% - 25% - 11:50
4 - 0% - 0% - 0:00
PP Forward
1 - 53% - 60% - 5:23
2 - 47% - 40% - 4:46
PP Defense
1 - 65% - 60% - 6:36
2 - 35% - 40% - 3:33
PK Forward
1 - 51% - 50% - 3:09
2 - 49% - 50% - 3:02
PK Defense
1 - 51% - 60% - 3:09
2 - 49% - 40% - 3:02
PK3 Forward
1 - 0% - 60%
2 - 0% - 40%
PK3 Defense
1 - 0% - 60%
2 - 0% - 40%
44 Forward
1 - 0% - 60%
2 - 0% - 40%
44 Defense
1 - 0% - 60%
2 - 0% - 40%
Last Minute Offensive - 0:34
Last Minute Defensive - 0:00
Total
Forward - 60:00
Defense - 60:00
|
% Time on Ice - Blues
Lines # - Real PCT - Wanted PCT - Time Play
Normal Forward
1 - 34% - 40% - 14:37
2 - 32% - 30% - 13:54
3 - 19% - 20% - 8:21
4 - 14% - 10% - 6:14
Normal Defense
1 - 40% - 40% - 17:24
2 - 32% - 30% - 13:44
3 - 24% - 20% - 10:30
4 - 3% - 10% - 1:28
PP Forward
1 - 64% - 60% - 3:59
2 - 36% - 40% - 2:12
PP Defense
1 - 64% - 60% - 3:58
2 - 36% - 40% - 2:13
PK Forward
1 - 72% - 60% - 7:17
2 - 28% - 40% - 2:52
PK Defense
1 - 60% - 60% - 6:03
2 - 40% - 40% - 4:06
PK3 Forward
1 - 0% - 60%
2 - 0% - 40%
PK3 Defense
1 - 0% - 60%
2 - 0% - 40%
44 Forward
1 - 0% - 60%
2 - 0% - 40%
44 Defense
1 - 0% - 60%
2 - 0% - 40%
Last Minute Offensive - 0:00
Last Minute Defensive - 0:34
Total
Forward - 60:00
Defense - 60:00
|
Play-by-Play
1st period
0:01 of 1st period - Nicklas Backstrom wins face-off versus Marian Gaborik in neutral zone.
1:22 of 1st period - Minor Penalty to Michael Del Zotto for Hooking.
1:23 of 1st period - Nicklas Backstrom wins face-off versus Zach Parise in Coyotes zone.
1:30 of 1st period - Snap shot by Jordan Eberle.
1:30 of 1st period - Shot Blocked by Matt Donovan.
2:14 of 1st period - Snap shot by Nick Palmieri.
2:14 of 1st period - Shot Blocked by Matt Donovan.
2:16 of 1st period - Slapshot by Nick Palmieri.
2:16 of 1st period - Deflect By Josh Gorges.
2:16 of 1st period - Shot Misses the Net.
2:16 of 1st period - Puck is out of play.
2:17 of 1st period - Filip Forsberg wins face-off versus Jamie Arniel in Coyotes zone.
3:22 of 1st period - Penalty to Michael Del Zotto is over, Michael Del Zotto is back on ice.
3:22 of 1st period - Zach Parise is hit by Jake Gardiner and loses puck.
3:57 of 1st period - Snap shot by Nicklas Backstrom.
3:57 of 1st period - Deflect By Vincent Lecavalier.
3:57 of 1st period - Deflect By Kristopher Letang.
3:57 of 1st period - Stopped by Maxime Daigneault without a rebound.
3:58 of 1st period - Vincent Lecavalier wins face-off versus Jonathan Ferland in Coyotes zone.
4:01 of 1st period - Slapshot by Nick Palmieri.
4:01 of 1st period - Stopped by Maxime Daigneault without a rebound.
4:02 of 1st period - Brad Richards wins face-off versus Vincent Lecavalier in Coyotes zone.
4:02 of 1st period - Brad Richards is hit by Fabian Brunnstrom.
4:47 of 1st period - Wrist shot by Jordan Eberle.
4:47 of 1st period - Shot Misses the Net.
5:17 of 1st period - Wrist shot by Nazem Kadri.
5:17 of 1st period - Shot Misses the Net.
6:39 of 1st period - Kristopher Letang is hit by Gustav Nyquist and loses puck.
7:08 of 1st period - Cody Ceci is hit by Tyler Ennis and loses puck.
7:15 of 1st period - Slapshot by Tyler Ennis.
7:15 of 1st period - Stopped by Carey Price with a rebound.
7:27 of 1st period - Josh Gorges is hit by Ryan O'Reilly and loses puck.
7:49 of 1st period - Michael Del Zotto is hit by Fabian Brunnstrom and loses puck.
8:00 of 1st period - Slapshot by Michael Del Zotto.
8:00 of 1st period - Shot Blocked by Shayne Gostisbehere.
8:40 of 1st period - Wrist shot by Jordan Eberle.
8:40 of 1st period - Shot Hit the Post.
10:04 of 1st period - Thomas Hickey is hit by D.J King.
10:23 of 1st period - Nazem Kadri is hit by Yann Sauvé and loses puck.
10:54 of 1st period - Filip Forsberg is hit by Matt Donovan and loses puck.
11:15 of 1st period - Wrist shot by Vincent Lecavalier.
11:15 of 1st period - Stopped by Maxime Daigneault with a rebound.
11:29 of 1st period - Tyler Ennis is hit by Drew Shore.
11:46 of 1st period - Jake Gardiner is hit by Zach Parise and loses puck.
12:03 of 1st period - Wrist shot by Jamie Arniel.
12:03 of 1st period - Shot Misses the Net.
12:05 of 1st period - Slapshot by Kristopher Letang.
12:05 of 1st period - Shot Misses the Net.
12:07 of 1st period - Snap shot by Anton Stralman.
12:07 of 1st period - Stopped by Carey Price with a rebound.
12:09 of 1st period - Snap shot by Martin Samuelsson.
12:09 of 1st period - Shot Misses the Net.
12:19 of 1st period - Nazem Kadri is hit by Vincent Lecavalier and loses puck.
13:00 of 1st period - Nick Bonino is hit by Simon Gagné and loses puck.
13:22 of 1st period - Minor Penalty to Shayne Gostisbehere for Hooking.
13:23 of 1st period - Nazem Kadri wins face-off versus Drew Shore in Blues zone.
13:24 of 1st period - Snap shot by Tyler Ennis.
13:24 of 1st period - Stopped by Carey Price without a rebound.
13:25 of 1st period - Nazem Kadri wins face-off versus Drew Shore in Blues zone.
13:26 of 1st period - Wrist shot by Marian Gaborik.
13:26 of 1st period - Shot Misses the Net.
13:28 of 1st period - Snap shot by Tyler Ennis.
13:28 of 1st period - Goal by Tyler Ennis - Coyotes : 1 - Blues : 0.
13:29 of 1st period - Nicklas Backstrom wins face-off versus Brad Richards in neutral zone.
13:32 of 1st period - Zach Parise is hit by Nicklas Backstrom and loses puck.
14:20 of 1st period - Kurt Sauer is hit by Evgeny Artyukhin and loses puck.
15:47 of 1st period - Slapshot by Nicklas Backstrom.
15:47 of 1st period - Shot Blocked by Tyler Ennis.
15:49 of 1st period - Backhand shot by Filip Forsberg.
15:49 of 1st period - Stopped by Maxime Daigneault with a rebound.
16:01 of 1st period - Minor Penalty to Matt Donovan for Tripping.
16:02 of 1st period - Nicklas Backstrom wins face-off versus Brad Richards in Coyotes zone.
16:15 of 1st period - Wrist shot by Nicklas Backstrom.
16:15 of 1st period - Goal by Nicklas Backstrom - Coyotes : 1 - Blues : 1.
16:16 of 1st period - Filip Forsberg wins face-off versus Brad Richards in neutral zone.
16:19 of 1st period - Michael Del Zotto is hit by Nicklas Backstrom and loses puck.
16:43 of 1st period - Minor Penalty to Josh Gorges for Holding.
16:44 of 1st period - Nicklas Backstrom wins face-off versus Jamie Arniel in Coyotes zone.
18:43 of 1st period - Penalty to Josh Gorges is over, Josh Gorges is back on ice.
18:43 of 1st period - Snap shot by Gustav Nyquist.
18:43 of 1st period - Shot Misses the Net.
18:45 of 1st period - Snap shot by Shayne Gostisbehere.
18:45 of 1st period - Shot Blocked by Josh Gorges.
19:11 of 1st period - Fabian Brunnstrom is hit by Tyler Ennis and loses puck.
Goals for this period are 1 for Coyotes vs 1 for Blues.
Shots for this period are 4 for Coyotes vs 5 for Blues.
2nd period
0:01 of 2nd period - Nicklas Backstrom wins face-off versus Brad Richards in neutral zone.
0:08 of 2nd period - Slapshot by Jordan Eberle.
0:08 of 2nd period - Shot Misses the Net.
0:10 of 2nd period - Snap shot by Nicklas Backstrom.
0:10 of 2nd period - Deflect By Filip Forsberg.
0:10 of 2nd period - Shot Blocked by Marian Gaborik.
0:10 of 2nd period - Puck is out of play.
0:11 of 2nd period - Nicklas Backstrom wins face-off versus Brad Richards in Coyotes zone.
0:12 of 2nd period - Slapshot by Alex Pietrangelo.
0:12 of 2nd period - Deflect By Nicklas Backstrom.
0:12 of 2nd period - Stopped by Maxime Daigneault with a rebound.
0:20 of 2nd period - Wrist shot by Brad Richards.
0:20 of 2nd period - Shot Blocked by Cody Ceci.
0:22 of 2nd period - Wrist shot by Michael Del Zotto.
0:22 of 2nd period - Shot Blocked by Alex Pietrangelo.
0:24 of 2nd period - Slapshot by Josh Gorges.
0:24 of 2nd period - Shot Misses the Net.
0:26 of 2nd period - Snap shot by Brad Richards.
0:26 of 2nd period - Stopped by Carey Price with a rebound.
0:28 of 2nd period - Slapshot by Michael Del Zotto.
0:28 of 2nd period - Shot Misses the Net.
0:38 of 2nd period - Josh Gorges is hit by Ryan O'Reilly and loses puck.
0:58 of 2nd period - Minor Penalty to Michael Del Zotto for Roughing.
0:59 of 2nd period - Nicklas Backstrom wins face-off versus Jamie Arniel in Coyotes zone.
1:10 of 2nd period - Snap shot by Filip Forsberg.
1:10 of 2nd period - Deflect By Nicklas Backstrom.
1:10 of 2nd period - Stopped by Maxime Daigneault without a rebound.
1:11 of 2nd period - Nicklas Backstrom wins face-off versus Brad Richards in Coyotes zone.
2:39 of 2nd period - Slapshot by Jake Gardiner.
2:39 of 2nd period - Shot Blocked by Anton Stralman.
2:41 of 2nd period - Slapshot by Alex Pietrangelo.
2:41 of 2nd period - Shot Misses the Net.
2:43 of 2nd period - Slapshot by Jake Gardiner.
2:43 of 2nd period - Stopped by Maxime Daigneault without a rebound.
2:44 of 2nd period - Ryan O'Reilly wins face-off versus Jamie Arniel in Coyotes zone.
2:49 of 2nd period - Snap shot by Nick Palmieri.
2:49 of 2nd period - Shot Misses the Net.
2:58 of 2nd period - Penalty to Michael Del Zotto is over, Michael Del Zotto is back on ice.
2:58 of 2nd period - Icing by Shayne Gostisbehere.
2:59 of 2nd period - Ryan O'Reilly wins face-off versus Nazem Kadri in Blues zone.
2:59 of 2nd period - Ryan O'Reilly is hit by Tyler Ennis.
3:05 of 2nd period - Slapshot by Shayne Gostisbehere.
3:05 of 2nd period - Shot Misses the Net.
3:07 of 2nd period - Slapshot by Shayne Gostisbehere.
3:07 of 2nd period - Shot Blocked by Matt Donovan.
3:13 of 2nd period - Slapshot by Ryan O'Reilly.
3:13 of 2nd period - Stopped by Maxime Daigneault with a rebound.
3:38 of 2nd period - Brad Richards is hit by Drew Shore and loses puck.
4:26 of 2nd period - Matt Donovan is hit by Fabian Brunnstrom and loses puck.
4:39 of 2nd period - Snap shot by Nazem Kadri.
4:39 of 2nd period - Stopped by Carey Price without a rebound.
4:40 of 2nd period - Filip Forsberg wins face-off versus Brad Richards in Blues zone.
4:40 of 2nd period - Filip Forsberg is hit by Brad Richards.
4:47 of 2nd period - Alex Pietrangelo is hit by Brad Richards and loses puck.
5:12 of 2nd period - Slapshot by Sergei Shirokov.
5:12 of 2nd period - Stopped by Maxime Daigneault with a rebound.
5:14 of 2nd period - Slapshot by Alex Pietrangelo.
5:14 of 2nd period - Deflect By Ryan O'Reilly.
5:14 of 2nd period - Shot Misses the Net.
5:14 of 2nd period - Puck is out of play.
5:15 of 2nd period - Nazem Kadri wins face-off versus Ryan O'Reilly in Coyotes zone.
6:03 of 2nd period - Jordan Eberle is hit by Brad Richards and loses puck.
6:31 of 2nd period - Off-side.
6:32 of 2nd period - Ryan O'Reilly wins face-off versus Jamie Arniel in neutral zone.
7:25 of 2nd period - Snap shot by Gustav Nyquist.
7:25 of 2nd period - Stopped by Maxime Daigneault with a rebound.
7:27 of 2nd period - Snap shot by Drew Shore.
7:27 of 2nd period - Stopped by Maxime Daigneault with a rebound.
7:29 of 2nd period - Slapshot by Cody Ceci.
7:29 of 2nd period - Stopped by Maxime Daigneault without a rebound.
7:30 of 2nd period - Nicklas Backstrom wins face-off versus Brad Richards in Coyotes zone.
7:33 of 2nd period - Slapshot by Jordan Eberle.
7:33 of 2nd period - Shot Blocked by Kristopher Letang.
7:35 of 2nd period - Snap shot by Filip Forsberg.
7:35 of 2nd period - Shot Misses the Net.
7:37 of 2nd period - Snap shot by Filip Forsberg.
7:37 of 2nd period - Shot Misses the Net.
7:39 of 2nd period - Wrist shot by Jordan Eberle.
7:39 of 2nd period - Shot Misses the Net.
7:41 of 2nd period - Wrist shot by Jordan Eberle.
7:41 of 2nd period - Stopped by Maxime Daigneault without a rebound.
7:42 of 2nd period - Nicklas Backstrom wins face-off versus Brad Richards in Coyotes zone.
8:26 of 2nd period - Minor Penalty to Yann Sauvé for Interference.
8:27 of 2nd period - Nazem Kadri wins face-off versus Drew Shore in Blues zone.
8:34 of 2nd period - Snap shot by Tyler Ennis.
8:34 of 2nd period - Goal by Tyler Ennis - Coyotes : 2 - Blues : 1.
8:35 of 2nd period - Nicklas Backstrom wins face-off versus Brad Richards in neutral zone.
8:54 of 2nd period - Jordan Eberle is hit by Zach Parise and loses puck.
10:07 of 2nd period - Kristopher Letang is hit by Nicklas Backstrom and loses puck.
10:16 of 2nd period - Snap shot by Filip Forsberg.
10:16 of 2nd period - Stopped by Maxime Daigneault with a rebound.
10:38 of 2nd period - Snap shot by Marian Gaborik.
10:38 of 2nd period - Goal by Marian Gaborik - Coyotes : 3 - Blues : 1.
10:39 of 2nd period - Nicklas Backstrom wins face-off versus Zach Parise in neutral zone.
10:44 of 2nd period - Snap shot by Nicklas Backstrom.
10:44 of 2nd period - Stopped by Maxime Daigneault with a rebound.
10:46 of 2nd period - Slapshot by Alex Pietrangelo.
10:46 of 2nd period - Shot Blocked by Michael Del Zotto.
10:48 of 2nd period - Snap shot by Jordan Eberle.
10:48 of 2nd period - Shot Misses the Net.
10:50 of 2nd period - Wrist shot by Nicklas Backstrom.
10:50 of 2nd period - Shot Blocked by Zach Parise.
10:54 of 2nd period - Snap shot by Nicklas Backstrom.
10:54 of 2nd period - Stopped by Maxime Daigneault with a rebound.
10:56 of 2nd period - Slapshot by Cody Ceci.
10:56 of 2nd period - Deflect By Brad Richards.
10:56 of 2nd period - Stopped by Maxime Daigneault without a rebound.
10:57 of 2nd period - Nazem Kadri wins face-off versus Ryan O'Reilly in Coyotes zone.
11:01 of 2nd period - Off-side.
11:02 of 2nd period - Ryan O'Reilly wins face-off versus Nazem Kadri in neutral zone.
11:14 of 2nd period - Snap shot by Nazem Kadri.
11:14 of 2nd period - Stopped by Carey Price with a rebound.
11:27 of 2nd period - Michael Del Zotto is hit by Filip Forsberg and loses puck.
11:38 of 2nd period - Snap shot by Jordan Eberle.
11:38 of 2nd period - Shot Misses the Net.
11:50 of 2nd period - Snap shot by Vincent Lecavalier.
11:50 of 2nd period - Goal by Vincent Lecavalier - Coyotes : 3 - Blues : 2.
11:51 of 2nd period - Nicklas Backstrom wins face-off versus Brad Richards in neutral zone.
12:21 of 2nd period - Chris Stewart is hit by Sergei Shirokov and loses puck.
12:48 of 2nd period - Snap shot by Jamie Arniel.
12:48 of 2nd period - Stopped by Carey Price with a rebound.
13:52 of 2nd period - Wrist shot by Nazem Kadri.
13:52 of 2nd period - Shot Blocked by Ryan O'Reilly.
13:54 of 2nd period - Minor Penalty to Simon Gagné for Holding.
13:55 of 2nd period - Tyler Ennis wins face-off versus Drew Shore in Blues zone.
14:03 of 2nd period - Icing by Kristopher Letang.
14:04 of 2nd period - Nazem Kadri wins face-off versus Drew Shore in Coyotes zone.
14:09 of 2nd period - Wrist shot by Kristopher Letang.
14:09 of 2nd period - Shot Blocked by Jordan Eberle.
14:11 of 2nd period - Slapshot by Anton Stralman.
14:11 of 2nd period - Shot Blocked by Alex Pietrangelo.
14:13 of 2nd period - Slapshot by Anton Stralman.
14:13 of 2nd period - Stopped by Carey Price with a rebound.
14:27 of 2nd period - Wrist shot by Nazem Kadri.
14:27 of 2nd period - Stopped by Carey Price without a rebound.
14:28 of 2nd period - Brad Richards wins face-off versus Drew Shore in Blues zone.
14:29 of 2nd period - Slapshot by Anton Stralman.
14:29 of 2nd period - Shot Blocked by Yann Sauvé.
14:31 of 2nd period - Slapshot by Anton Stralman.
14:31 of 2nd period - Shot Misses the Net.
14:33 of 2nd period - Wrist shot by Brad Richards.
14:33 of 2nd period - Shot Misses the Net.
14:35 of 2nd period - Slapshot by Kristopher Letang.
14:35 of 2nd period - Stopped by Carey Price without a rebound.
14:36 of 2nd period - Brad Richards wins face-off versus Drew Shore in Blues zone.
15:25 of 2nd period - Snap shot by Brad Richards.
15:25 of 2nd period - Shot Blocked by Vincent Lecavalier.
15:27 of 2nd period - Snap shot by Brad Richards.
15:27 of 2nd period - Shot Blocked by Filip Forsberg.
15:45 of 2nd period - Wrist shot by Zach Parise.
15:45 of 2nd period - Shot Misses the Net.
15:54 of 2nd period - Penalty to Simon Gagné is over, Simon Gagné is back on ice.
15:55 of 2nd period - Slapshot by Zach Parise.
15:55 of 2nd period - Shot Misses the Net.
16:03 of 2nd period - Wrist shot by Brad Richards.
16:03 of 2nd period - Stopped by Carey Price with a rebound.
16:05 of 2nd period - Snap shot by Zach Parise.
16:05 of 2nd period - Stopped by Carey Price with a rebound.
16:07 of 2nd period - Wrist shot by Anton Stralman.
16:07 of 2nd period - Shot Blocked by Jake Gardiner.
16:09 of 2nd period - Snap shot by Chris Stewart.
16:09 of 2nd period - Stopped by Carey Price with a rebound.
16:11 of 2nd period - Wrist shot by Brad Richards.
16:11 of 2nd period - Stopped by Carey Price with a rebound.
16:13 of 2nd period - Snap shot by Brad Richards.
16:13 of 2nd period - Stopped by Carey Price with a rebound.
16:15 of 2nd period - Snap shot by Brad Richards.
16:15 of 2nd period - Stopped by Carey Price without a rebound.
16:16 of 2nd period - Drew Shore wins face-off versus Jamie Arniel in Blues zone.
16:44 of 2nd period - Snap shot by Michael Del Zotto.
16:44 of 2nd period - Deflect By Ramzi Abid.
16:44 of 2nd period - Stopped by Carey Price without a rebound.
16:45 of 2nd period - Nick Bonino wins face-off versus Ryan O'Reilly in Blues zone.
16:54 of 2nd period - Snap shot by Matt Donovan.
16:54 of 2nd period - Shot Blocked by Cody Ceci.
16:56 of 2nd period - Snap shot by Ramzi Abid.
16:56 of 2nd period - Shot Misses the Net.
16:58 of 2nd period - Wrist shot by Ramzi Abid.
16:58 of 2nd period - Shot Misses the Net.
17:00 of 2nd period - Slapshot by Nick Bonino.
17:00 of 2nd period - Deflect By Sergei Shirokov.
17:00 of 2nd period - Shot Misses the Net.
17:00 of 2nd period - Puck is out of play.
17:01 of 2nd period - Jamie Arniel wins face-off versus Nicklas Backstrom in Blues zone.
17:10 of 2nd period - Slapshot by Michael Del Zotto.
17:10 of 2nd period - Stopped by Carey Price with a rebound.
17:12 of 2nd period - Minor Penalty to Jordan Eberle for Cross-checking.
17:13 of 2nd period - Drew Shore wins face-off versus Nazem Kadri in Blues zone.
17:40 of 2nd period - Yann Sauvé is hit by Brad Richards and loses puck.
18:09 of 2nd period - Josh Gorges is hit by Ryan O'Reilly and loses puck.
19:12 of 2nd period - Penalty to Jordan Eberle is over, Jordan Eberle is back on ice.
19:12 of 2nd period - Yann Sauvé is hit by Anton Stralman and loses puck.
Goals for this period are 2 for Coyotes vs 1 for Blues.
Shots for this period are 17 for Coyotes vs 14 for Blues.
3rd period
0:01 of 3rd period - Filip Forsberg wins face-off versus Zach Parise in neutral zone.
0:35 of 3rd period - Slapshot by Alex Pietrangelo.
0:35 of 3rd period - Deflect By Vincent Lecavalier.
0:35 of 3rd period - Goal by Vincent Lecavalier - Coyotes : 3 - Blues : 3.
0:36 of 3rd period - Nicklas Backstrom wins face-off versus Brad Richards in neutral zone.
0:51 of 3rd period - Kristopher Letang is hit by Nicklas Backstrom and loses puck.
1:06 of 3rd period - Wrist shot by Alex Pietrangelo.
1:06 of 3rd period - Shot Blocked by Kristopher Letang.
1:08 of 3rd period - Snap shot by Cody Ceci.
1:08 of 3rd period - Shot Blocked by Kristopher Letang.
1:22 of 3rd period - Icing by Kristopher Letang.
1:23 of 3rd period - Vincent Lecavalier wins face-off versus Nazem Kadri in Coyotes zone.
1:26 of 3rd period - Wrist shot by Jordan Eberle.
1:26 of 3rd period - Shot Misses the Net.
1:52 of 3rd period - Snap shot by Marian Gaborik.
1:52 of 3rd period - Stopped by Carey Price with a rebound.
2:00 of 3rd period - Wrist shot by Ryan O'Reilly.
2:00 of 3rd period - Stopped by Maxime Daigneault without a rebound.
2:01 of 3rd period - Filip Forsberg wins face-off versus Jamie Arniel in Coyotes zone.
2:02 of 3rd period - Snap shot by Jordan Eberle.
2:02 of 3rd period - Stopped by Maxime Daigneault without a rebound.
2:03 of 3rd period - Jamie Arniel wins face-off versus Nicklas Backstrom in Coyotes zone.
2:34 of 3rd period - Snap shot by Sergei Shirokov.
2:34 of 3rd period - Shot Misses the Net.
2:36 of 3rd period - Slapshot by Alex Pietrangelo.
2:36 of 3rd period - Deflect By Chris Stewart.
2:36 of 3rd period - Stopped by Maxime Daigneault with a rebound.
2:38 of 3rd period - Backhand shot by Sergei Shirokov.
2:38 of 3rd period - Stopped by Maxime Daigneault without a rebound.
2:39 of 3rd period - Filip Forsberg wins face-off versus Brad Richards in Coyotes zone.
3:06 of 3rd period - Vincent Lecavalier is hit by Tyler Ennis and loses puck.
4:01 of 3rd period - Icing by Nick Bonino.
4:02 of 3rd period - Nick Bonino wins face-off versus Ryan O'Reilly in Coyotes zone.
4:21 of 3rd period - Minor Penalty to Sergei Shirokov for Hooking.
4:22 of 3rd period - Drew Shore wins face-off versus Nazem Kadri in Blues zone.
4:34 of 3rd period - Snap shot by Jordan Eberle.
4:34 of 3rd period - Shot Misses the Net.
4:58 of 3rd period - Snap shot by Brad Richards.
4:58 of 3rd period - Stopped by Carey Price without a rebound.
4:59 of 3rd period - Nazem Kadri wins face-off versus Drew Shore in Blues zone.
5:00 of 3rd period - Wrist shot by Marian Gaborik.
5:00 of 3rd period - Shot Blocked by Cody Ceci.
5:02 of 3rd period - Snap shot by Nazem Kadri.
5:02 of 3rd period - Shot Misses the Net.
5:04 of 3rd period - Slapshot by Nazem Kadri.
5:04 of 3rd period - Deflect By Marian Gaborik.
5:04 of 3rd period - Stopped by Carey Price with a rebound.
5:06 of 3rd period - Slapshot by Michael Del Zotto.
5:06 of 3rd period - Deflect By Tyler Ennis.
5:06 of 3rd period - Shot Misses the Net.
5:06 of 3rd period - Puck is out of play.
5:07 of 3rd period - Drew Shore wins face-off versus Nazem Kadri in Blues zone.
5:18 of 3rd period - Snap shot by Tyler Ennis.
5:18 of 3rd period - Shot Misses the Net.
5:28 of 3rd period - Wrist shot by Marian Gaborik.
5:28 of 3rd period - Shot Misses the Net.
5:30 of 3rd period - Snap shot by Tyler Ennis.
5:30 of 3rd period - Shot Misses the Net.
5:32 of 3rd period - Slapshot by Michael Del Zotto.
5:32 of 3rd period - Deflect By Nazem Kadri.
5:32 of 3rd period - Stopped by Carey Price without a rebound.
5:33 of 3rd period - Brad Richards wins face-off versus Drew Shore in Blues zone.
6:21 of 3rd period - Penalty to Sergei Shirokov is over, Sergei Shirokov is back on ice.
6:22 of 3rd period - Cody Ceci is hit by Josh Gorges and loses puck.
6:37 of 3rd period - Wrist shot by Evgeny Artyukhin.
6:37 of 3rd period - Deflect By Jake Gardiner.
6:37 of 3rd period - Shot Blocked by Vincent Lecavalier.
6:37 of 3rd period - Puck is out of play.
6:38 of 3rd period - Jamie Arniel wins face-off versus Vincent Lecavalier in Blues zone.
6:43 of 3rd period - Slapshot by Jamie Arniel.
6:43 of 3rd period - Stopped by Carey Price with a rebound.
6:45 of 3rd period - Wrist shot by Evgeny Artyukhin.
6:45 of 3rd period - Deflect By Martin Samuelsson.
6:45 of 3rd period - Stopped by Carey Price without a rebound.
6:46 of 3rd period - Martin Samuelsson wins face-off versus Nicklas Backstrom in Blues zone.
7:13 of 3rd period - Slapshot by Sergei Shirokov.
7:13 of 3rd period - Shot Misses the Net.
7:15 of 3rd period - Snap shot by Simon Gagné.
7:15 of 3rd period - Shot Blocked by Anton Stralman.
7:17 of 3rd period - Slapshot by Simon Gagné.
7:17 of 3rd period - Shot Misses the Net.
7:19 of 3rd period - Snap shot by Ryan O'Reilly.
7:19 of 3rd period - Deflect By Sergei Shirokov.
7:19 of 3rd period - Shot Misses the Net.
7:19 of 3rd period - Puck is out of play.
7:20 of 3rd period - Nicklas Backstrom wins face-off versus Nazem Kadri in Coyotes zone.
7:44 of 3rd period - Icing by Alex Pietrangelo.
7:45 of 3rd period - Brad Richards wins face-off versus Nicklas Backstrom in Blues zone.
7:56 of 3rd period - Snap shot by Nicklas Backstrom.
7:56 of 3rd period - Shot Blocked by Brad Richards.
7:58 of 3rd period - Slapshot by Cody Ceci.
7:58 of 3rd period - Stopped by Maxime Daigneault with a rebound.
8:24 of 3rd period - Snap shot by Marian Gaborik.
8:24 of 3rd period - Stopped by Carey Price without a rebound.
8:25 of 3rd period - Nazem Kadri wins face-off versus Ryan O'Reilly in Blues zone.
8:29 of 3rd period - Icing by Sergei Shirokov.
8:30 of 3rd period - Nazem Kadri wins face-off versus Ryan O'Reilly in Blues zone.
8:39 of 3rd period - Wrist shot by Tyler Ennis.
8:39 of 3rd period - Stopped by Carey Price with a rebound.
8:41 of 3rd period - Slapshot by Josh Gorges.
8:41 of 3rd period - Deflect By Yann Sauvé.
8:41 of 3rd period - Stopped by Carey Price with a rebound.
8:43 of 3rd period - Snap shot by Chris Stewart.
8:43 of 3rd period - Shot Blocked by Simon Gagné.
8:45 of 3rd period - Backhand shot by Josh Gorges.
8:45 of 3rd period - Deflect By Jake Gardiner.
8:45 of 3rd period - Stopped by Carey Price with a rebound.
8:47 of 3rd period - Slapshot by Nazem Kadri.
8:47 of 3rd period - Shot Misses the Net.
8:57 of 3rd period - Snap shot by Ryan O'Reilly.
8:57 of 3rd period - Shot Blocked by Brad Richards.
9:15 of 3rd period - D.J King is hit by Evgeny Artyukhin and loses puck.
9:46 of 3rd period - Snap shot by Nazem Kadri.
9:46 of 3rd period - Stopped by Carey Price with a rebound.
11:23 of 3rd period - Wrist shot by Fabian Brunnstrom.
11:23 of 3rd period - Shot Misses the Net.
12:02 of 3rd period - Snap shot by Drew Shore.
12:02 of 3rd period - Shot Misses the Net.
12:04 of 3rd period - Slapshot by D.J King.
12:04 of 3rd period - Deflect By Drew Shore.
12:04 of 3rd period - Shot Misses the Net.
12:04 of 3rd period - Puck is out of play.
12:05 of 3rd period - Drew Shore wins face-off versus Brad Richards in Coyotes zone.
12:08 of 3rd period - Slapshot by Gustav Nyquist.
12:08 of 3rd period - Deflect By D.J King.
12:08 of 3rd period - Stopped by Maxime Daigneault without a rebound.
12:09 of 3rd period - Brad Richards wins face-off versus Nicklas Backstrom in Coyotes zone.
13:14 of 3rd period - Slapshot by Matt Donovan.
13:14 of 3rd period - Stopped by Carey Price without a rebound.
13:15 of 3rd period - Nazem Kadri wins face-off versus Nicklas Backstrom in Blues zone.
13:41 of 3rd period - Minor Penalty to Sergei Shirokov for Hooking.
13:42 of 3rd period - Drew Shore wins face-off versus Nazem Kadri in Blues zone.
15:14 of 3rd period - Zach Parise is hit by Alex Pietrangelo and loses puck.
15:41 of 3rd period - Penalty to Sergei Shirokov is over, Sergei Shirokov is back on ice.
16:03 of 3rd period - Minor Penalty to Kurt Sauer for Tripping.
16:04 of 3rd period - Marian Gaborik wins face-off versus Drew Shore in Blues zone.
16:52 of 3rd period - Tyler Ennis is hit by Cody Ceci and loses puck.
17:24 of 3rd period - Icing by Tyler Ennis.
17:25 of 3rd period - Nazem Kadri wins face-off versus Vincent Lecavalier in Coyotes zone.
17:40 of 3rd period - Yann Sauvé is hit by Josh Gorges and loses puck.
18:01 of 3rd period - Slapshot by Vincent Lecavalier.
18:01 of 3rd period - Stopped by Maxime Daigneault with a rebound.
18:03 of 3rd period - Penalty to Kurt Sauer is over, Kurt Sauer is back on ice.
18:11 of 3rd period - Snap shot by Vincent Lecavalier.
18:11 of 3rd period - Stopped by Maxime Daigneault with a rebound.
18:13 of 3rd period - Slapshot by Vincent Lecavalier.
18:13 of 3rd period - Shot Misses the Net.
18:15 of 3rd period - Snap shot by Kurt Sauer.
18:15 of 3rd period - Stopped by Maxime Daigneault with a rebound.
18:44 of 3rd period - Snap shot by Vincent Lecavalier.
18:44 of 3rd period - Shot Blocked by Matt Donovan.
18:48 of 3rd period - Snap shot by Simon Gagné.
18:48 of 3rd period - Stopped by Maxime Daigneault with a rebound.
18:50 of 3rd period - Wrist shot by Kurt Sauer.
18:50 of 3rd period - Stopped by Maxime Daigneault with a rebound.
18:52 of 3rd period - Slapshot by Kurt Sauer.
18:52 of 3rd period - Shot Misses the Net.
18:54 of 3rd period - Slapshot by Cody Ceci.
18:54 of 3rd period - Stopped by Maxime Daigneault with a rebound.
18:56 of 3rd period - Snap shot by Jake Gardiner.
18:56 of 3rd period - Shot Misses the Net.
18:58 of 3rd period - Slapshot by Jake Gardiner.
18:58 of 3rd period - Shot Misses the Net.
19:00 of 3rd period - Slapshot by Cody Ceci.
19:00 of 3rd period - Shot Misses the Net.
19:02 of 3rd period - Snap shot by Kurt Sauer.
19:02 of 3rd period - Shot Misses the Net.
19:23 of 3rd period - Wrist shot by Vincent Lecavalier.
19:23 of 3rd period - Deflect By Simon Gagné.
19:23 of 3rd period - Stopped by Maxime Daigneault with a rebound.
19:25 of 3rd period - Snap shot by Vincent Lecavalier.
19:25 of 3rd period - Goal by Vincent Lecavalier - Coyotes : 3 - Blues : 4.
19:26 of 3rd period - Brad Richards wins face-off versus Jordan Eberle in neutral zone.
19:29 of 3rd period - Coyotes, Maxime Daigneault is pulled from the net.
19:49 of 3rd period - Slapshot by Fabian Brunnstrom.
19:49 of 3rd period - Shot Misses the Net.
19:51 of 3rd period - Snap shot by Drew Shore.
19:51 of 3rd period - Shot Misses the Net.
Goals for this period are 0 for Coyotes vs 2 for Blues.
Shots for this period are 12 for Coyotes vs 15 for Blues.
Back to the Top